 Dungeon Crawl Stone Soup version 0.30-a0-779-g7971cf1 (webtiles) character file.

Game seed: 9234146644047569885

158 Illumine the Trooper (level 5, -2/33 HPs)
             Began as a Gargoyle Fighter on Feb 17, 2023.
             Slain by a goblin
             ... wielding a +0 club
             ... led by Robin
              (5 damage)
             ... on level 3 of the Dungeon.
             The game lasted 00:03:19 (2246 turns).

Illumine the Trooper (Gargoyle Fighter)             Turns: 2246, Time: 00:03:20

Health: -2/33      AC: 15    Str: 22    XL:     5   Next: 40%
Magic:  5/5        EV: 10    Int:  8    God:
Gold:   138        SH:  4    Dex:  9    Spells: 4/4 levels left

rFire   + . .      SeeInvis .    u - +0 mace
rCold   . . .      Faith    .    c - +0 buckler
rNeg    + . .      Spirit   .    p - +2 ring mail {rF+}
rPois   ∞          Reflect  .    i - +1 helmet
rElec   +          Harm     .    (no cloak)
rCorr   +          Rampage  .    r - +0 pair of gloves
Will    .....                    (no boots) Stlth
                                 (no amulet)
HPRegen 0.25/turn                o - ring of resist corrosion
MPRegen 0.09/turn                (no ring)

@: silenced (expiring)
A: sickness immunity, AC +4, negative energy resistance 1, electricity
resistance, torment resistance 1, petrification resistance
a: no special abilities


You were on level 3 of the Dungeon.
You visited 1 branch of the dungeon, and saw 3 of its levels.

You collected 138 gold pieces.

Inventory:

Hand Weapons
 u - a +0 mace (weapon)
Missiles
 m - 13 poisoned darts (quivered)
Armour
 c - a +0 buckler (worn)
 i - a +1 helmet (worn)
 p - a +2 ring mail of fire resistance (worn)
 r - a +0 pair of gloves (worn)
Jewellery
 o - a ring of resist corrosion (left hand)
Scrolls
 f - 2 scrolls of magic mapping
 h - a scroll of enchant armour {unknown}
 j - a scroll of silence
 k - 2 scrolls of identify
 l - a scroll of poison {unknown}
 n - 2 scrolls of vulnerability {unknown}
Potions
 b - a potion of degeneration {unknown}
 d - 2 potions of might
 e - a potion of lignification {unknown}
 g - a potion of curing
 q - a potion of magic {unknown}
 s - 2 potions of haste {unknown}
 t - a potion of heal wounds {unknown}


   Skills:
 + Level 4.1 Fighting
 * Level 3.8 Maces & Flails
 + Level 4.1 Armour
 - Level 4.0 Shields


You had 4 spell levels left.
You didn't know any spells.
Your spell library contained the following spells:

 Spells                   Type           Power      Damage    Failure   Level
 Dazzling Flash           Conj/Hex       0%         N/A       95%         3
 Ozocubu's Armour         Ice            0%         N/A       95%         3
 Dispel Undead            Necr           0%         3d6       100%        4
 Agony                    Necr           0%         N/A       100%        5
 Metabolic Englaciation   Hex/Ice        0%         N/A       100%        5
 Silence                  Hex/Air        0%         N/A       100%        5
 Death Channel            Necr           0%         N/A       100%        6
 Simulacrum               Ice/Necr       0%         N/A       100%        6
 Cigotuvi's Dreadful Rot  Necr/Pois/Air  Unusable   N/A       N/A         2

Dungeon Overview and Level Annotations

Branches:
Dungeon (3/15)

Altars:

Annotations:
D:2 1 runed translucent door, Crazy Yiuf
D:3 Robin


Innate Abilities, Weirdness & Mutations

You are immune to sickness and miasma.
Your stone body is resilient. (AC +4)
You are immune to poison.
You resist negative energy. (rN+)
You are resistant to electric shocks. (rElec)
You are resistant to unholy torment.
You are immune to petrification.


Message History

You hit the goblin.
You kill the goblin!
Robin throws the goblin at you! You block the goblin's attack.
The goblin barely misses you. The goblin hits you but does no damage.
You hit the goblin.
The goblin is severely wounded.
The goblin hits you but does no damage. x2; You block the goblin's attack.
You closely miss the goblin.
The goblin is severely wounded.
You block the goblin's attack. x2; The goblin hits you but does no damage. x2
The goblin closely misses you. The goblin hits you but does no damage.
You barely miss the goblin.
The goblin is severely wounded.
The goblin hits you with a +0 dagger.
* * * LOW HITPOINT WARNING * * *
The goblin closely misses you. You block the goblin's attack.
You barely miss the goblin.
The goblin is severely wounded.
Robin roars a battlecry!
The goblins go into a battle-frenzy!
The goblin hits you but does no damage. The goblin completely misses you.
You block the goblin's attack.
You thump the goblin!
You kill the goblin!
The goblin hits you with a +0 club.
* * * LOW HITPOINT WARNING * * *
The goblin closely misses you.
You hit the goblin.
You kill the goblin!
Robin throws the goblin at you!
* * * LOW HITPOINT WARNING * * *
The goblin hits you but does no damage. The goblin hits you with a +0 club.
* * * LOW HITPOINT WARNING * * *
The goblin hits you but does no damage. x2
You barely miss the goblin. Robin misses you. The goblin closely misses you.
The goblin barely misses you.
You hit the goblin.
You kill the goblin!
Robin throws the goblin at you! The goblin hits you with a +0 club.
You die...

.# ..........#
#.....####.####.#
.............# #.....# #.#
..#
#............####.....####.#
###
....................†.....#
+#######'####............#
##.....###...........#
##.....####...gg......#
##.....###.#g####.g...##
##.....###..#@# #.....#
#.....###...'g# #.....#
#####†####....#.# #g....#
##.#.....#.....#.####.....#
#..#..(..#....##....#.....#
...'...).'...###.##g......#
...#.....#..## #..#.#######
...#.....#.## #...g#
..####'##### #..###


You could see Robin and a goblin (strong).

Vanquished Creatures
  Natasha (thrice) (D:2)
  An adder (D:2)
  3 worms
  2 dart slugs
  7 ball pythons
  4 endoplasms
  3 giant cockroaches
  12 goblins
  5 hobgoblins
  2 jackals (D:1)
  2 bats (D:2)
  6 kobolds
  11 rats
61 creatures vanquished.

Notes
Turn   | Place    | Note
-------+----------+-------------------------------------------
     0 | D:1      | Illumine the Gargoyle Fighter began the quest for the Orb.
     0 | D:1      | Reached XP level 1. HP: 14/14 MP: 1/1
   138 | D:1      | Reached XP level 2. HP: 19/19 MP: 2/2
   575 | D:1      | Reached XP level 3. HP: 23/23 MP: 3/3
   906 | D:2      | Noticed Natasha
   914 | D:2      | Killed Natasha
   930 | D:2      | Reached XP level 4. HP: 27/29 MP: 4/4
  1065 | D:2      | Found a runed translucent door.
  1066 | D:2      | Noticed Crazy Yiuf
  1256 | D:2      | Noticed Natasha
  1276 | D:2      | Killed Natasha
  1709 | D:2      | Noticed Natasha
  1723 | D:2      | Killed Natasha
  1724 | D:2      | Reached XP level 5. HP: 25/33 MP: 5/5
  2197 | D:3      | Noticed Robin
  2246 | D:3      | Slain by a goblin

Illustrated notes

Levels and vault maps discovered:
D:1:      saegor_arrival_simple_a, layout_basic, minmay_rat_gold_closets
D:2:      layout_basic, corner_web_ring, uniq_natasha, uniq_crazy_yiuf_cottage
D:3:      layout_basic, zin_statuary, minmay_misc_feat_hallway,
          minmay_quadrilaterals, uniq_robin

Skill      XL: |  1  2  3  4 |
---------------+-------------+-----
Maces & Flails | 3 |  3.8
Shields        | 4 |  4.0
Fighting       | 4 |  4.1
Armour         | 4 |  4.1

Action                     |  1- 3 |  4- 6 || total
---------------------------+-------+-------++-------
  Melee: Flail             |    93 |    75 ||   168
         Mace              |       |    41 ||    41
    Use: Scroll            |       |     2 ||     2
 Armour: Scale mail        |    47 |    36 ||    83
         Ring mail         |       |    81 ||    81
  Dodge: Dodged            |    56 |    94 ||   150
  Block: Buckler           |    19 |    49 ||    68

Table legend: (Time is in decaauts)
 A = Elapsed time spent in this place.
 B = Non-inter-level travel time spent in this place.
 C = Inter-level travel time spent in this place.
 D = Time resting spent in this place.
 E = Time spent auto-exploring this place.
 F = Levels seen in this place.
 G = Mean time per level.
                   A        B        C        D        E       F      G
               +--------+--------+--------+--------+--------+-----+--------+
         Total |   2328 |   2286 |     42 |     93 |   1623 |   3 |  776.0 |
       Dungeon |   2328 |   2286 |     42 |     93 |   1623 |   3 |  776.0 |
               +--------+--------+--------+--------+--------+-----+--------+

Top non-repeatable levels by time:
     D:2: 1007 daAuts
     D:1: 930 daAuts
     D:3: 391 daAuts
